HSSL
BUCHANAN HS @ OKLAHOMA CITY HS MAGICIANS
04/08/2029
 
TOP OF THE 1ST
Buchanan HS batting - Pitching for Oklahoma City HS Magicians : RHP Michael Hudson
Pitching: RHP Michael Hudson
Batting: RHB Richard Franco 0-0: Called Strike
0-1: Ball
1-1: Called Strike
1-2: Strikes out swinging
Batting: LHB Franklin Jackson 0-0: Called Strike
0-1: Ball
1-1: Foul Ball, location: 2F
1-2: Foul Ball, location: 2F
1-2: Foul Ball, location: 2F
1-2: Ground out U3 (Groundball, 34)
Batting: RHB Anthony Moore 0-0: Ball
1-0: Ball
2-0: Called Strike
2-1: Called Strike
2-2: DOUBLE (Groundball, 5L)
Batting: RHB William Pérez 0-0: Ball
1-0: Ball
2-0: Ground out U3 (Groundball, 3)
Top of the 1st over - 0 runs, 1 hit, 0 errors, 1 left on base; Buchanan HS 0 - Oklahoma City HS 0
BOTTOM OF THE 1ST
Oklahoma City HS Magicians batting - Pitching for Buchanan HS : RHP Gerald Collins
Pitching: RHP Gerald Collins
Batting: LHB Fletcher White 0-0: Ball
1-0: SINGLE (Groundball, 56D)
Batting: RHB Darrell Krieger 0-0: Called Strike
0-1: Ball
1-1: Called Strike
1-2: Ball
2-2: Ball
3-2: Foul Ball, location: 2F
3-2: Grounds into double play, 5-4-3 (Groundball, 56)
Batting: LHB Geoff May 0-0: Called Strike
0-1: Fly out, F7 (Flyball, 7LSF)
Bottom of the 1st over - 0 runs, 1 hit, 0 errors, 0 left on base; Buchanan HS 0 - Oklahoma City HS 0
TOP OF THE 2ND
Buchanan HS batting - Pitching for Oklahoma City HS Magicians : RHP Michael Hudson
Batting: LHB Edgar Cameron 0-0: Ball
1-0: Foul Ball, location: 2F
1-1: Foul Ball, location: 2F
1-2: Foul Ball, location: 2F
1-2: Foul Ball, location: 2F
1-2: Strikes out swinging
Batting: RHB Tom Ross 0-0: Ball
1-0: Ball
2-0: Foul Ball, location: 2F
2-1: Foul Ball, location: 2F
2-2: Reached on error, E5 (Groundball, 5L)
Batting: LHB José Martínez 0-0: Ball
1-0: Ball
2-0: Called Strike
2-1: Swinging Strike
2-2: Ball
3-2: Fly out, F3 (Line Drive, 3)
Batting: LHB David Guillén 0-0: Ball
1-0: Ball
2-0: Called Strike
2-1: Ball
3-1: Base on Balls
Tom Ross to second
Batting: RHB Len Valadez 0-0: Foul Ball, location: 2F
0-1: SINGLE (Line Drive, 34D)
Tom Ross to third
David Guillén to second
Runner from 3rd tries for Home, throw and OUT!
Top of the 2nd over - 0 runs, 1 hit, 1 error, 2 left on base; Buchanan HS 0 - Oklahoma City HS 0
BOTTOM OF THE 2ND
Oklahoma City HS Magicians batting - Pitching for Buchanan HS : RHP Gerald Collins
Batting: RHB Ken Wallace 0-0: Ball
1-0: Ground out 6-3 (Groundball, 6)
Batting: LHB Marcus Hussey 0-0: Ball
1-0: Foul Ball, location: 2F
1-1: Swinging Strike
1-2: Strikes out swinging
Batting: RHB Billy Gray 0-0: Foul Ball, location: 2F
0-1: Ball
1-1: Ball
2-1: Ball
3-1: Foul Ball, location: 2F
3-2: Ground out 6-3 (Groundball, 6)
Bottom of the 2nd over - 0 runs, 0 hits, 0 errors, 0 left on base; Buchanan HS 0 - Oklahoma City HS 0
TOP OF THE 3RD
Buchanan HS batting - Pitching for Oklahoma City HS Magicians : RHP Michael Hudson
Batting: RHB Richard Franco 0-0: Ball
1-0: Foul Ball, location: 2F
1-1: Ball
2-1: Ball
3-1: Foul Ball, location: 2F
3-2: Foul Ball, location: 2F
3-2: Foul Ball, location: 2F
3-2: Fly out, F7 (Flyball, 7S)
Batting: LHB Franklin Jackson 0-0: Swinging Strike
0-1: Ball
1-1: Ball
2-1: Ground out 6-3 (Groundball, 6)
Batting: RHB Anthony Moore 0-0: Called Strike
0-1: Swinging Strike
0-2: Ball
1-2: Strikes out swinging
Top of the 3rd over - 0 runs, 0 hits, 0 errors, 0 left on base; Buchanan HS 0 - Oklahoma City HS 0
BOTTOM OF THE 3RD
Oklahoma City HS Magicians batting - Pitching for Buchanan HS : RHP Gerald Collins
Batting: SHB Ron Robinson 0-0: Ball
1-0: Foul Ball, location: 2F
1-1: Ball
2-1: Ball
3-1: Foul Ball, location: 2F
3-2: Ground out 5-3 (Groundball, 56)
Batting: SHB Royce Griffin 0-0: Ball
1-0: Ball
2-0: Ball
3-0: Base on Balls
Batting: RHB Jeffrey Ball 0-0: Ball
1-0: Ball
2-0: Ball
3-0: Base on Balls
Royce Griffin to second
Batting: LHB Fletcher White 0-0: Ball
1-0: Ball
2-0: Ball
3-0: Base on Balls
Royce Griffin to third
Jeffrey Ball to second
Batting: RHB Darrell Krieger 0-0: Called Strike
0-1: Grounds into double play, 6-4-3 (Groundball, 6)
Bottom of the 3rd over - 0 runs, 0 hits, 0 errors, 2 left on base; Buchanan HS 0 - Oklahoma City HS 0
TOP OF THE 4TH
Buchanan HS batting - Pitching for Oklahoma City HS Magicians : RHP Michael Hudson
Batting: RHB William Pérez 0-0: Ball
1-0: Ball
2-0: Ball
3-0: Called Strike
3-1: SINGLE (Groundball, 34) (infield hit)
Batting: LHB Edgar Cameron 0-0: Ball
1-0: Called Strike
1-1: Ball
2-1: SINGLE (Groundball, 34D)
William Pérez to second
Runner from 2nd tries for 3rd, OUT!
Edgar Cameron to second
Batting: RHB Tom Ross 0-0: Called Strike
0-1: Called Strike
0-2: Foul Ball, location: 2F
0-2: Ball
1-2: Ball
2-2: Strikes out looking
Batting: LHB José Martínez 0-0: Called Strike
0-1: Ball
1-1: Foul Ball, location: 2F
1-2: Ball
2-2: SINGLE (Line Drive, 6)
Edgar Cameron to third
Runner from 3rd tries for Home, SAFE, throw made home
José Martínez to second
Batting: LHB David Guillén 0-0: Ball
1-0: Ball
2-0: Ball
Wild Pitch!
José Martínez to third
3-0: Base on Balls
Pitching: RHP Dominic Duchesne
Batting: RHB Len Valadez 0-0: Ball
1-0: Called Strike
1-1: Foul Ball, location: 2F
1-2: Fly out, F8 (Flyball, 8LM)
Top of the 4th over - 1 run, 3 hits, 0 errors, 2 left on base; Buchanan HS 1 - Oklahoma City HS 0
BOTTOM OF THE 4TH
Oklahoma City HS Magicians batting - Pitching for Buchanan HS : RHP Gerald Collins
Batting: LHB Geoff May 0-0: Called Strike
0-1: Fly out, F9 (Flyball, 89S)
Batting: RHB Ken Wallace 0-0: Foul Ball, location: 2F
0-1: Ground out 1-3 (Groundball, P)
Batting: LHB Marcus Hussey 0-0: Ball
1-0: Called Strike
1-1: Ball
2-1: Foul Ball, location: 2F
2-2: Strikes out looking
Bottom of the 4th over - 0 runs, 0 hits, 0 errors, 0 left on base; Buchanan HS 1 - Oklahoma City HS 0
TOP OF THE 5TH
Buchanan HS batting - Pitching for Oklahoma City HS Magicians : RHP Dominic Duchesne
Batting: RHB Richard Franco 0-0: Foul Ball, location: 2F
0-1: Ball
1-1: Ball
2-1: Fly out, F8 (Line Drive, 8LD)
Batting: LHB Franklin Jackson 0-0: Ball
1-0: Called Strike
1-1: Fly out, F2 (Popup, 5SF)
Batting: RHB Anthony Moore 0-0: Ball
1-0: Called Strike
1-1: SINGLE (Groundball, 56D)
Batting: RHB William Pérez 0-0: SINGLE (Groundball, 6D)
Anthony Moore to second
Batting: LHB Edgar Cameron 0-0: Called Strike
0-1: Called Strike
0-2: Ball
1-2: Ground out 5-3 (Groundball, 56S)
Top of the 5th over - 0 runs, 2 hits, 0 errors, 2 left on base; Buchanan HS 1 - Oklahoma City HS 0
BOTTOM OF THE 5TH
Oklahoma City HS Magicians batting - Pitching for Buchanan HS : RHP Gerald Collins
Batting: RHB Billy Gray 0-0: Ball
1-0: Foul Ball, location: 2F
1-1: Called Strike
1-2: Strikes out swinging
Batting: SHB Ron Robinson 0-0: Called Strike
0-1: Foul Ball, location: 2F
0-2: Ball
1-2: Ball
2-2: Ball
3-2: Strikes out swinging
Batting: SHB Royce Griffin 0-0: Foul Ball, location: 2F
0-1: Ball
1-1: Foul Ball, location: 2F
1-2: Ball
2-2: Foul Ball, location: 2F
2-2: Fly out, F7 (Flyball, 7D)
Bottom of the 5th over - 0 runs, 0 hits, 0 errors, 0 left on base; Buchanan HS 1 - Oklahoma City HS 0
TOP OF THE 6TH
Buchanan HS batting - Pitching for Oklahoma City HS Magicians : RHP Dominic Duchesne
Batting: RHB Tom Ross 0-0: Swinging Strike
0-1: Ball
1-1: Foul Ball, location: 2F
1-2: SOLO HOME RUN (Flyball, 9D), Distance : 370 ft
Batting: LHB José Martínez 0-0: Ball
1-0: Foul Ball, location: 2F
1-1: Ball
2-1: Swinging Strike
2-2: Strikes out swinging
Batting: LHB David Guillén 0-0: Ball
1-0: Ball
2-0: Foul Ball, location: 2F
2-1: Foul Ball, location: 2F
2-2: Ball
3-2: SINGLE (Line Drive, 34D)
Batting: RHB Len Valadez 0-0: Called Strike
0-1: Called Strike
0-2: Strikes out swinging
Batting: RHB Richard Franco 0-0: Called Strike
0-1: Ball
1-1: Foul Ball, location: 2F
1-2: Ball
2-2: SINGLE (Line Drive, 9S)
David Guillén to second
Runner from 2nd tries for 3rd, SAFE, no throw
Batting: LHB Franklin Jackson 0-0: Ball
1-0: SINGLE (Line Drive, 6MD)
David Guillén scores
Richard Franco to second
Runner from 2nd tries for 3rd, SAFE, throw made to third
Pitching: RHP Roy Guillén
Batting: RHB Anthony Moore 0-0: Called Strike
0-1: Foul Ball, location: 2F
0-2: Fly out, F8 (Flyball, 8LXD)
Top of the 6th over - 2 runs, 4 hits, 0 errors, 2 left on base; Buchanan HS 3 - Oklahoma City HS 0
BOTTOM OF THE 6TH
Oklahoma City HS Magicians batting - Pitching for Buchanan HS : RHP Gerald Collins
Batting: RHB Jeffrey Ball 0-0: Ground out 6-3 (Groundball, 6)
Batting: LHB Fletcher White 0-0: Ball
1-0: Swinging Strike
1-1: Ball
2-1: Ball
3-1: Base on Balls
Batting: RHB Darrell Krieger 0-0: Ball
1-0: Ball
2-0: Fly out, F8 (Flyball, 78D)
Batting: LHB Geoff May 0-0: Ball
1-0: Ground out 6-3 (Groundball, 6)
Bottom of the 6th over - 0 runs, 0 hits, 0 errors, 1 left on base; Buchanan HS 3 - Oklahoma City HS 0
TOP OF THE 7TH
Buchanan HS batting - Pitching for Oklahoma City HS Magicians : RHP Roy Guillén
Batting: RHB William Pérez 0-0: Ball
1-0: Ball
2-0: Foul Ball, location: 2F
2-1: DOUBLE (Line Drive, 7LM)
Batting: LHB Edgar Cameron 0-0: Intentional Walk
Batting: RHB Tom Ross 0-0: Called Strike
0-1: Fly out, F4 (Popup, 4M)
Batting: LHB José Martínez 0-0: Swinging Strike
0-1: Foul Ball, location: 2F
0-2: Strikes out swinging
Batting: LHB David Guillén 0-0: Called Strike
0-1: Ball
1-1: Foul Ball, location: 2F
1-2: SINGLE (Groundball, 4) (infield hit)
William Pérez to third
Edgar Cameron to second
Batting: RHB Len Valadez 0-0: Called Strike
0-1: Called Strike
0-2: Strikes out swinging
Top of the 7th over - 0 runs, 2 hits, 0 errors, 3 left on base; Buchanan HS 3 - Oklahoma City HS 0
BOTTOM OF THE 7TH
Oklahoma City HS Magicians batting - Pitching for Buchanan HS : RHP Gerald Collins
Batting: RHB Ken Wallace 0-0: Ball
1-0: Called Strike
1-1: Swinging Strike
1-2: Ball
2-2: Strikes out swinging
Pitching: LHP Lawrence Edmonds
Batting: LHB Marcus Hussey 0-0: SOLO HOME RUN (Flyball, 7D), Distance : 346 ft
Pitching: RHP Kent Britt
Batting: RHB Billy Gray 0-0: Ball
1-0: Ball
2-0: Foul Ball, location: 2F
2-1: Foul Ball, location: 2F
2-2: Strikes out swinging
Batting: SHB Ron Robinson 0-0: Ball
1-0: Swinging Strike
1-1: Ball
2-1: Ball
3-1: SINGLE (Line Drive, 56)
Batting: SHB Royce Griffin 0-0: Called Strike
0-1: Foul Ball, location: 2F
0-2: Ball
1-2: Ball
2-2: Ball
3-2: Base on Balls
Ron Robinson to second
Pinch Hitting: LHB John Lyons 0-0: 3-RUN HOME RUN (Flyball, 9D), Distance : 361 ft
Batting: LHB Fletcher White 0-0: Ball
1-0: Called Strike
1-1: Ball
2-1: Ball
3-1: Base on Balls
Batting: RHB Darrell Krieger 0-0: DOUBLE (Line Drive, 8RD)
Fletcher White to third
Fletcher White scores
Batting: LHB Geoff May 0-0: SINGLE (Groundball, 6MD)
Darrell Krieger to third
Runner from 3rd tries for Home, SAFE, throw made home
Pitching: RHP Tom Boucher
Batting: RHB Ken Wallace 0-0: Ball
1-0: Ball
2-0: Called Strike
2-1: Foul Ball, location: 2F
2-2: SINGLE (Groundball, 4S) (infield hit)
Geoff May to second
Batting: LHB Marcus Hussey 0-0: DOUBLE (Line Drive, 9LD)
Geoff May scores
Ken Wallace to third
Runner from 3rd tries for Home, SAFE, no throw
Batting: RHB Billy Gray 0-0: Ball
1-0: Ball
2-0: Called Strike
2-1: Ball
3-1: SINGLE (Groundball, 56S) (infield hit)
Marcus Hussey to third
Batting: SHB Ron Robinson 0-0: Ball
1-0: Called Strike
1-1: Ball
Wild Pitch!
Marcus Hussey scores
Billy Gray to second
2-1: Called Strike
2-2: Strikes out swinging
Bottom of the 7th over - 9 runs, 8 hits, 0 errors, 1 left on base; Buchanan HS 3 - Oklahoma City HS 9
TOP OF THE 8TH
Buchanan HS batting - Pitching for Oklahoma City HS Magicians : RHP Roy Guillén
Now at 2B: Brian Bennett
Now at 3B: Andrew Chambers
Now in CF: Jason Thomas
Batting: RHB Richard Franco 0-0: Called Strike
0-1: Fly out, F5 (Line Drive, 5S)
Batting: LHB Franklin Jackson 0-0: Ball
1-0: Ball
2-0: Swinging Strike
2-1: Swinging Strike
2-2: Strikes out swinging
Batting: RHB Anthony Moore 0-0: Swinging Strike
0-1: Called Strike
0-2: Ground out 6-3 (Groundball, 6)
Top of the 8th over - 0 runs, 0 hits, 0 errors, 0 left on base; Buchanan HS 3 - Oklahoma City HS 9
BOTTOM OF THE 8TH
Oklahoma City HS Magicians batting - Pitching for Buchanan HS : RHP Tom Boucher
Batting: SHB Royce Griffin 0-0: Ball
1-0: Ground out 4-3 (Groundball, 4D)
Pitching: RHP Andy Russell
Batting: LHB Brian Bennett 0-0: Ball
1-0: Called Strike
1-1: Foul Ball, location: 2F
1-2: Ball
2-2: Ball
3-2: Base on Balls
Pitching: RHP Richard Anthony
Batting: LHB Fletcher White 0-0: Ball
1-0: Ball
2-0: Swinging Strike
2-1: Ball
3-1: Swinging Strike
3-2: Base on Balls
Brian Bennett to second
Pitching: RHP Carl Cunningham
Batting: RHB Darrell Krieger 0-0: Ball
1-0: Ball
2-0: Foul Ball, location: 2F
2-1: Ball
3-1: Called Strike
3-2: Base on Balls
Brian Bennett to third
Fletcher White to second
Pitching: RHP Rusty Silva
Batting: LHB Geoff May 0-0: Ball
1-0: Called Strike
1-1: Fly out, F9 (Flyball, 9LD)
Runner from 3rd tags up, SCORES, no throw
Fletcher White to third
Batting: LHB Jason Thomas 0-0: Ball
1-0: Ball
2-0: Called Strike
2-1: Ball
3-1: Base on Balls
Darrell Krieger to second
Batting: LHB Marcus Hussey 0-0: Ball
1-0: GRAND SLAM HOME RUN (Line Drive, 9LD), Distance : 346 ft
Batting: RHB Billy Gray 0-0: Swinging Strike
0-1: Foul Ball, location: 2F
0-2: Strikes out swinging
Bottom of the 8th over - 5 runs, 1 hit, 0 errors, 0 left on base; Buchanan HS 3 - Oklahoma City HS 14
TOP OF THE 9TH
Buchanan HS batting - Pitching for Oklahoma City HS Magicians : RHP Roy Guillén
Batting: RHB William Pérez 0-0: Ball
1-0: Ball
2-0: Ball
3-0: Base on Balls
Batting: LHB Edgar Cameron 0-0: Ball
1-0: Ball
2-0: Ball
3-0: Called Strike
3-1: Base on Balls
William Pérez to second
Batting: RHB Tom Ross 0-0: Called Strike
0-1: Fly out, F6 (Line Drive, 6M)
Batting: LHB José Martínez 0-0: Ball
1-0: Foul Ball, location: 2F
1-1: Foul Ball, location: 2F
1-2: Strikes out looking
Batting: LHB David Guillén 0-0: Fly out, F9 (Flyball, 9LM)
Top of the 9th over - 0 runs, 0 hits, 0 errors, 2 left on base; Buchanan HS 3 - Oklahoma City HS 14
Saturday, December 16th, 2017 - OOTP Baseball 18.8 Build 76